AoeStats
← saioa08

Arena

510330524Analyzed
3v3 RM · 20h ago on Sep 30, 2026· 66m 16s· 6 players
Game mode
Random Map
Map size
Normal (6 player)
Population
200
Speed
Normal
Resources
Standard
Victory
Conquest
Starting age
Dark Age
Ending age
Imperial Age
RankedLock teamsTeams togetherTeam positionsShared explorationLock speedFull tech treeHidden civsTurbo modeCheats
Victory
Defeat
🇮🇳 Portuguese · India
536
+16
🇪🇸 Spanish · Spain
523
+17
🇲🇽 Byzantines · Mexico
462
+19
🇨🇳 Chinese · China
578
-20
🇨🇳 Chinese · China
561
-18
🇳🇴 Chinese · Norway
460
-14
zarter85
5:30 Loom
11:04 Feudal Age
11:38 Double-Bit Axe
11:37 Horse Collar
11:59 Gold Mining
12:43 Stone Mining
15:14 Wheelbarrow
17:59 Town Watch
20:49 Castle Age
21:01 Bloodlines
21:47 Bow Saw
21:40 Heavy Plow
22:33 Stone Shaft Mining
22:01 Light Cavalry
23:05 Caravan
24:49 Husbandry
25:51 Hand Cart
27:00 Fervor
27:12 Sanctity
27:23 Fletching
28:43 Forging
33:00 Imperial Age
33:20 Scale Barding Armor
33:11 Bodkin Arrow
33:20 Padded Archer Armor
34:11 Guilds
34:55 Theocracy
34:26 Bracer
35:02 Iron Casting
36:11 Two-Man Saw
35:42 Conscription
36:03 Ballistics
38:15 Chemistry
37:13 Murder Holes
38:04 Hoardings
37:59 Chain Barding Armor
38:41 Block Printing
38:40 Town Patrol
39:20 Elite Conquistador
42:09 Inquisition
43:04 Plate Barding Armor
43:32 Blast Furnace
42:49 Leather Archer Armor
43:29 Hussar
44:47 Masonry
46:08 Cavalier
50:44 Paladin
53:26 Ring Archer Armor
saioa08
11:11 Feudal Age
19:01 Castle Age
31:04 Imperial Age
28:29 Gold Mining
28:22 Horse Collar
29:57 Wheelbarrow
31:01 Hand Cart
33:49 Fortified Wall
33:35 Murder Holes
33:51 Masonry
33:21 Treadmill Crane
33:32 Heated Shot
34:03 Ballistics
33:59 Stone Mining
34:25 Heavy Plow
36:05 Crop Rotation
37:28 Stone Shaft Mining
39:13 Elite Organ Gun
40:10 Onager
LiguarSan
13:53 Feudal Age
14:28 Double-Bit Axe
14:28 Horse Collar
14:50 Gold Mining
15:36 Man-at-Arms
24:13 Castle Age
23:13 Forging
23:05 Scale Mail Armor
23:12 Scale Barding Armor
26:01 Wheelbarrow
26:24 Loom
27:03 Bow Saw
28:42 Caravan
29:14 Coinage
28:50 Heavy Plow
29:47 Chain Mail Armor
33:10 Iron Casting
32:01 Pikeman
32:42 Squires
35:26 Chain Barding Armor
37:09 Hand Cart
38:29 Elite Skirmisher
44:43 Fletching
44:54 Padded Archer Armor
49:33 Imperial Age
49:37 Fortified Wall
50:33 Guard Tower
51:04 Ballistics
53:46 Keep
58:55 Plate Mail Armor
63:52 Arrowslits
征服者
0:46 Loom
11:26 Feudal Age
19:14 Castle Age
21:43 Caravan
24:37 Fervor
26:50 Wheelbarrow
26:01 Town Watch
27:35 Coinage
27:21 Gold Mining
27:21 Stone Mining
27:28 Double-Bit Axe
29:12 Gold Shaft Mining
29:12 Stone Shaft Mining
28:24 Horse Collar
30:11 Bow Saw
29:41 Man-at-Arms
30:23 Squires
30:08 Arson
31:08 Forging
30:59 Scale Mail Armor
31:35 Hand Cart
31:02 Long Swordsman
32:36 Heavy Plow
34:19 Town Patrol
35:40 Iron Casting
35:27 Chain Mail Armor
36:14 Fortified Wall
36:00 Murder Holes
36:16 Masonry
36:27 Ballistics
36:13 Great Wall
40:36 Imperial Age
38:11 Padded Archer Armor
38:01 Fletching
40:24 Leather Archer Armor
40:04 Bodkin Arrow
41:14 Two-Handed Swordsman
41:14 Pikeman
42:08 Champion
43:55 Blast Furnace
43:26 Plate Mail Armor
45:08 Banking
45:43 Two-Man Saw
45:13 Conscription
51:24 Husbandry
50:44 Cavalier
51:35 Bloodlines
52:08 Capped Ram
56:47 Heavy Scorpion
Varg_1960
2:50 Loom
12:52 Feudal Age
14:25 Double-Bit Axe
17:44 Gold Mining
21:29 Castle Age
19:50 Fletching
20:39 Horse Collar
21:44 Crossbowman
23:30 Thumb Ring
24:15 Bow Saw
24:08 Pikeman
24:57 Scale Mail Armor
27:29 Forging
31:02 Town Watch
33:16 Squires
44:49 Imperial Age
43:02 Great Wall
45:05 Heavy Rocket Cart
46:54 Chemistry
46:34 Ballistics
46:51 Arbalester
48:54 Conscription
49:17 Bombard Tower
55:46 Elite Skirmisher
56:02 Halberdier
58:10 Wheelbarrow
63:51 Bloodlines
63:42 Husbandry
76561199640613672
10:34 Feudal Age
11:00 Double-Bit Axe
17:59 Castle Age
22:56 Stone Mining
24:09 Bow Saw
23:42 Horse Collar
29:13 Fortified Wall
35:29 Imperial Age
35:37 Masonry
47:07 Great Wall
60:40 Stone Shaft Mining
Connection lost

Rejoining the realm…

Still unreachable

The connection could not be restored.

Session expired

The server has moved on; the page needs a fresh start.